 Dungeon Crawl Stone Soup version 0.28.0 (webtiles) character file.

Game seed: 13912641173073847361

275 issech the Cudgeller (level 6, -1/52 (61) HPs)
             Began as a Troll Monk on Feb 13, 2022.
             Slain by a wight (2 damage)
             ... on level 4 of the Dungeon.
             The game lasted 00:10:58 (3207 turns).

issech the Cudgeller (Troll Monk)                   Turns: 3207, Time: 00:10:58

HP:   -1/52 (61)    AC:  4    Str: 20    XL:     6   Next: 3%
MP:   5/5           EV: 11    Int:  6    God:
Gold: 180           SH:  0    Dex: 14    Spells: 5/5 levels left

rFire   + . .      SeeInvis .   z - +4 falchion of Fate {vamp, rF+}
rCold   . . .      Faith    .   (no shield)
rNeg    . . .      Spirit   .   b - +0 robe
rPois   +          Reflect  .   (helmet restricted)
rElec   .          Harm     .   (no cloak)
rCorr   .          Rampage  .   (gloves unavailable)
Will    .....                   (boots unavailable)
Stlth   ++........              (no amulet)
HPRegen 0.97/turn               d - +4 ring of protection
MPRegen 0.09/turn               w - ring of poison resistance

@: corroded, heavily drained
A: large, unfitting armour, claws 3, regeneration 1, shaggy fur 1, tough skin 1
a: no special abilities


You were on level 4 of the Dungeon.
You visited 1 branch of the dungeon, and saw 5 of its levels.

You collected 180 gold pieces.

Inventory:

Hand Weapons
 a - a +0 mace
 v - a +0 long sword of holy wrath
 z - the +4 falchion of Fate (weapon) {vamp, rF+}
   (You found it on level 4 of the Dungeon)

   It occasionally heals its wielder for a portion of the damage dealt when it
   wounds a living foe.
   rF:        It protects you from fire.
Missiles
 c - 119 stones (quivered)
 i - 53 arrows
 o - 23 bolts
 q - 6 poisoned darts
Armour
 b - a +0 robe (worn)
Jewellery
 d - a +4 ring of protection (left claw)
 l - a ring of positive energy
 w - a ring of poison resistance (right claw)
Scrolls
 f - 2 scrolls of holy word {unknown}
 h - 3 scrolls of identify {unknown}
 j - a scroll of vulnerability {unknown}
 k - 4 scrolls of fear {unknown}
 n - a scroll of noise {unknown}
 p - 3 scrolls of immolation {unknown}
 r - 2 scrolls of torment {unknown}
 t - 3 scrolls of teleportation {unknown}
 x - a scroll of brand weapon {unknown}
 y - a scroll of fog {unknown}
Potions
 e - 4 potions of curing {unknown}
 g - a potion of berserk rage {unknown}
 m - 2 potions of heal wounds {unknown}
 s - a potion of cancellation {unknown}
 u - a potion of flight {unknown}


   Skills:
 + Level 3.2 Fighting
 + Level 4.6 Maces & Flails
 + Level 3.4 Dodging
 + Level 1.5 Stealth


You had 5 spell levels left.
You didn't know any spells.
Your spell library contained the following spells:

 Spells                   Type           Power      Damage    Failure   Level
 Confusing Touch          Hex            0%         N/A       83%         3
 Dazzling Flash           Conj/Hex       0%         N/A       83%         3
 Frozen Ramparts          Ice            0%         1d2       83%         3
 Gell's Gravitas          Tloc           0%         N/A       83%         3
 Lesser Beckoning         Tloc           0%         N/A       83%         3
 Teleport Other           Tloc           0%         N/A       83%         3
 Ice Form                 Ice/Tmut       0%         N/A       99%         4
 Summon Ice Beast         Ice/Summ       0%         N/A       99%         4
 Agony                    Necr           0%         N/A       100%        5
 Silence                  Hex/Air        0%         N/A       100%        5
 Yara's Violent Unravell  Hex/Tmut       0%         3d3       100%        5
 Enfeeble                 Hex            0%         N/A       100%        7


Dungeon Overview and Level Annotations

Branches:
Dungeon (5/15)
 Temple: D:4-7

Altars:
Qazlal


Innate Abilities, Weirdness & Mutations

You are too large for most types of armour.
You have claws for hands.
Your natural rate of healing is unusually fast.
You are covered in fur. (AC +1)
You have tough skin. (AC +1)


Message History

The wight is severely damaged.
The wight hits you with a +4 dagger.
You feel drained. The jelly closely misses you.
You hit the wight.
The wight is severely damaged.
The wight hits you but does no damage. The jelly hits you but does no damage.
You barely miss the wight.
The wight is severely damaged.
The jelly closely misses you. The wight completely misses you.
The wight hits you with a +4 dagger. The jelly hits you. The acid corrodes you!
You are splashed with acid!
You barely miss the wight. Your claw misses the wight.
The wight is severely damaged.
The wight hits you with a +4 dagger!
You feel drained. The jelly barely misses you.
Things that are here:
a +2 flail; a +0 robe
There is a stone staircase leading up here.
The wight hits you with a +4 dagger! The jelly hits you but does no damage.
You climb upwards.
There is a stone staircase leading down here.
You closely miss the wight.
The wight is severely damaged.
The wight hits you with a +4 dagger!
* * * LOW HITPOINT WARNING * * *
The jelly barely misses you. The jelly hits you but does no damage.
You are no longer corroded.
The jelly jiggles.
You hit the wight but do no damage.
The wight is severely damaged.
The jelly hits you.
You are splashed with acid!
The wight hits you with a +4 dagger! The jelly hits you.
* * * LOW HITPOINT WARNING * * *
The acid corrodes you!
You are splashed with acid!
* * * LOW HITPOINT WARNING * * *
The wight hits you with a +4 dagger!
* * * LOW HITPOINT WARNING * * *
You feel drained.
You die...

####### ########
###.....#####......#
..#.....#...#......#
..#.....'...+......#
..#.....#####......#
..#................#
..#................#
..#...........Jz@..#
..'................############
..#...........................#
..##+###......................#
.......######............†....#
............#.................#
............#..........)......#
.......####+#.................#
.......##...#.................##


You could see a jelly and a wight.

Vanquished Creatures
  A wight (D:5)
  2 hounds (D:4)
  An iguana (D:4)
  4 adders
  2 ufetubi (D:4)
  6 worms
  A dart slug (D:4)
  4 orcs
  6 ball pythons
  3 bats
  6 endoplasms
  2 giant cockroaches
  5 goblins
  7 hobgoblins
  9 jackals
  2 kobolds
  4 quokkas
  6 frilled lizards
  10 rats
81 creatures vanquished.

Notes
Turn   | Place    | Note
-------+----------+-------------------------------------------
     0 | D:1      | issech the Troll Monk began the quest for the Orb.
     0 | D:1      | Reached XP level 1. HP: 22/22 MP: 0/0
   126 | D:1      | Reached XP level 2. HP: 29/29 MP: 1/1
   177 | D:1      | Reached skill level 3 in Maces & Flails
   256 | D:1      | Found a faded altar of an unknown god.
   558 | D:1      | Reached XP level 3. HP: 36/36 MP: 2/2
  1427 | D:3      | Reached XP level 4. HP: 37/44 MP: 3/3
  1614 | D:3      | Found a stormy altar of Qazlal.
  2291 | D:4      | Reached skill level 4 in Maces & Flails
  2291 | D:4      | Reached XP level 5. HP: 53/53 MP: 4/4
  2926 | D:4      | Identified the +4 falchion of Fate {vamp, rF+}
  3159 | D:5      | Entered Level 5 of the Dungeon
  3166 | D:5      | Reached XP level 6. HP: 56/61 MP: 5/5
  3207 | D:4      | HP: 1/54 [wight (7)]
  3207 | D:4      | Slain by a wight

Illustrated notes

Levels and vault maps discovered:
D:1:      psy_arrival_fountain, layout_basic,
          shapermc_ecumenical_altar_mp_ritualfount
D:2:      layout_basic
D:3:      layout_rooms, nicolae_qazlal_eye_of_the_storm,
          minmay_large_rounded_square, fountainhead, minmay_starry_boxes
D:4:      layout_gridville
D:5:      layout_loops_ring, minmay_temple_entry_glassed_door,
          cheibrodos_sewer_entry_sluice, uniq_blork_the_orc

Skill      XL: |  1  2  3  4 |
---------------+-------------+-----
Maces & Flails | 3 4 |  4.6
Dodging        | 3 |  3.4
Fighting       | 3 |  3.2
Stealth        | |  1.5

Action                   |  1- 3 |  4- 6 || total
-------------------------+-------+-------++-------
Melee: Mace              |   137 |   128 ||   265
       Falchion          |       |    10 ||    10
 Stab: Sleeping          |     5 |       ||     5
Armor: Robe              |    81 |    68 ||   149
Dodge: Dodged            |    99 |    83 ||   182
